 Dungeon Crawl Stone Soup version 0.29.1-2-gbd0b4ee654 (webtiles) character file.

Game seed: 12379362962030659588

72 Raikaria the Conjurer (level 4, -3/32 HPs)
             Began as a Demonspawn Conjurer on Nov 6, 2022.
             Slain by an ogre
             ... wielding a +0 giant club
              (18 damage)
             ... on level 4 of the Dungeon.
             The game lasted 00:08:40 (2398 turns).

Raikaria the Conjurer (Demonspawn Conjurer)         Turns: 2398, Time: 00:08:40

Health: -3/32      AC:  2    Str:  7    XL:     4   Next: 6%
Magic:  2/7        EV: 17    Int: 22    God:
Gold:   117        SH:  0    Dex: 11    Spells: 2/8 levels left

rFire   . . .      SeeInvis +   (no weapon)
rCold   . . .      Faith    .   (no shield)
rNeg    . . .      Spirit   .   a - +0 robe
rPois   .          Reflect  .   (no helmet)
rElec   .          Harm     .   (no cloak)
rCorr   .          Rampage  .   (no gloves)
Will    +....                   (no boots)
Stlth   ++........              (no amulet)
HPRegen 0.10/turn               h - ring of willpower
MPRegen 0.10/turn               o - ring of see invisible

@: agile, very slightly contaminated
A: claws 1, powered by pain 1
a: no special abilities


You were on level 4 of the Dungeon.
You visited 1 branch of the dungeon, and saw 4 of its levels.

You collected 117 gold pieces.

Inventory:

Armour
 a - a +0 robe (worn)
Jewellery
 h - a ring of willpower (left claw)
 o - a ring of see invisible (right claw)
Scrolls
 d - a scroll of poison {unknown}
 g - a scroll of identify {unknown}
 k - a scroll of vulnerability {unknown}
 l - a scroll of enchant weapon {unknown}
 m - a scroll of enchant armour {unknown}
 p - a scroll of acquirement {unknown}
Potions
 b - a potion of magic
 c - a potion of mutation {unknown}
 e - a potion of haste {unknown}
 f - 2 potions of brilliance {unknown}
 i - a potion of berserk rage {unknown}
 j - a potion of might {unknown}
 n - a potion of curing {unknown}


   Skills:
 + Level 1.4 Fighting
 + Level 2.4 Dodging
 - Level 1.7 Stealth
 + Level 0.5 Unarmed Combat
 + Level 2.5 Spellcasting
 + Level 4.4 Conjurations
 + Level 0.1 Hexes


You had 2 spell levels left.
You knew the following spells:

 Your Spells              Type           Power      Damage    Failure   Level
a - Magic Dart            Conj           88%        1d7       1%          1
b - Searing Ray           Conj           44%        2d6       3%          2
c - Dazzling Flash        Conj/Hex       24%        N/A       16%         3

Your spell library contained the following spells:

 Spells                   Type           Power      Damage    Failure   Level
 Summon Small Mammal      Summ           8%         N/A       13%         1
 Call Canine Familiar     Summ           2%         N/A       36%         3
 Summon Guardian Golem    Hex/Summ       3%         N/A       36%         3
 Fulminant Prism          Conj/Hex       6%         3d7       45%         4
 Iskenderun's Mystic Bla  Conj/Tloc      12%        2d5       45%         4


Dungeon Overview and Level Annotations

Branches:
Dungeon (4/15)
 Temple: D:4-7

Altars:
Yredelemnul


Innate Abilities, Weirdness & Mutations

You have sharp fingernails.
You sometimes gain a little power by taking damage.


Message History

You are very lightly contaminated with residual magic.
Nothing appears to happen.
The giant cockroach waves its antennae.
You closely miss the giant cockroach.
The giant cockroach is almost dead.
The giant cockroach closely misses you.
You scratch the giant cockroach.
You kill the giant cockroach!
Casting: Magic Dart (safe; 1% risk of failure)
Confirm with . or Enter, or press ? or * to list all spells.
The spell is quite dangerous to miscast (16% risk of failure)!
Continue anyway? [Y]es or [N]o only, please.
The spell is quite dangerous to miscast (16% risk of failure)!
Continue anyway? [Y]es or [N]o only, please.
The spell is quite dangerous to miscast (16% risk of failure)!
Continue anyway?
Okay, then.
Casting: Dazzling Flash (quite dangerous; 16% risk of failure)
Confirm with . or Enter, or press ? or * to list all spells.
The spell is quite dangerous to miscast (16% risk of failure)!
Continue anyway?
Uppercase [Y]es or [N]o only, please.
The spell is quite dangerous to miscast (16% risk of failure)!
Continue anyway?
Casting: Dazzling Flash (quite dangerous; 16% risk of failure)
Press: ? - help, Dir - look around, f - activate Look: an ogre, wielding a +0 giant club (chance to dazzle: 54%)
You miscast Dazzling Flash.
Nothing appears to happen.
The ogre closely misses you.
You barely miss the ogre. The ogre hits you with a +0 giant club!
Ouch! That really hurt!
You focus on the pain.
You feel agile all of a sudden.
You scratch the ogre but do no damage. You scratch the ogre but do no damage.
The ogre hits you with a +0 giant club.
You barely miss the ogre. The ogre barely misses you.
You scratch the ogre.
The ogre is lightly wounded.
You scratch the ogre.
The ogre is moderately wounded.
The ogre hits you with a +0 giant club!!
Ouch! That really hurt!
You die...

~~≈≈ 8~~~
≈≈≈≈≈≈≈≈≈~~
8...
≈≈≈≈≈≈~~~~
~~~~~~~...
##.......##
#.........
#........##
#......!..##
......O@...#
............#
....#......##
... #..#####
. ..# ...
##.# ##


You could see an ogre.

Vanquished Creatures
  2 adders
  3 orcs (D:3)
  A ball python (D:1)
  4 endoplasms
  6 giant cockroaches
  A goblin (D:3)
  5 hobgoblins
  2 jackals (D:1)
  8 bats
  4 frilled lizards (D:1)
  6 kobolds
  3 rats
45 creatures vanquished.

Notes
Turn   | Place    | Note
-------+----------+-------------------------------------------
     0 | D:1      | Raikaria the Demonspawn Conjurer began the quest for the
                  | Orb.
     0 | D:1      | Reached XP level 1. HP: 13/13 MP: 3/3
   243 | D:1      | Gained mutation: You sometimes gain a little power by
                  | taking damage. [demonic ancestry]
   243 | D:1      | Reached XP level 2. HP: 16/20 MP: 0/5
   330 | D:1      | Learned a level 2 spell: Searing Ray
   719 | D:1      | Reached skill level 1 in Fighting
   934 | D:1      | Gained mutation: You have sharp fingernails. [demonic
                  | ancestry]
   934 | D:1      | Reached XP level 3. HP: 26/26 MP: 2/6
  1624 | D:3      | Found a basalt altar of Yredelemnul.
  1741 | D:3      | Identified the +5 short sword of the Ecumenical Temple
                  | {vorpal, rPois rF- rC+}
  1843 | D:3      | Learned a level 3 spell: Dazzling Flash
  2069 | D:3      | Found a faded altar of an unknown god.
  2072 | D:4      | Noticed a wight
  2072 | D:4      | Noticed a wight
  2230 | D:3      | Reached XP level 4. HP: 32/32 MP: 1/7
  2386 | D:4      | Noticed an ogre
  2398 | D:4      | Slain by an ogre

Illustrated notes

Levels and vault maps discovered:
D:1:      lightli_iron_boxes, layout_basic, serial_forest,
          infiniplex_forest_end_double, infiniplex_forest_corner_1,
          infiniplex_forest_end_2, infiniplex_forest_clump_diagonal,
          infiniplex_forest_lined_corner
D:2:      layout_loops_ring
D:3:      layout_basic, mainiacjoe_overflow_cross_hatched,
          hellmonk_ecumenical_altar_zigzags
D:4:      wander_river, layout_cave_pools,
          mainiacjoe_overflow_concentric_impassable

Skill      XL: |  1  2 |
---------------+-------+-----
Dodging        | 2 |  2.4
Fighting       | 1 |  1.4
Stealth        | |  1.7
Unarmed Combat | |  0.5
Spellcasting   | |  2.5
Conjurations   | |  4.4
Hexes          | |  0.1

Action                   |  1- 3 |  4- 6 || total
-------------------------+-------+-------++-------
Melee: Quarterstaff      |    27 |       ||    27
       Unarmed           |    32 |    21 ||    53
 Cast: Magic Dart        |    67 |     2 ||    69
 Stab: Sleeping          |     2 |       ||     2
Armor: Robe              |     8 |       ||     8
Dodge: Dodged            |    47 |    12 ||    59
